 Dungeon Crawl Stone Soup version 0.18.1-50-g88ac8fd (webtiles) character file.

157 Kirkhe the Insei (level 5, 0/49 HPs)
             Began as an Octopode Transmuter on Oct 11, 2016.
             Slain by a goblin (1 damage)
             ... on level 2 of the Dungeon.
             The game lasted 00:04:01 (1993 turns).

Kirkhe the Insei (Octopode Transmuter)              Turns: 1993, Time: 00:04:02

Health: 0/49       AC:  1    Str: 15    XL:     5   Next: 38%
Magic:  9/9        EV: 12    Int: 16    God:
Gold:   96         SH:  0    Dex: 12    Spells: 1 memorised, 8 levels left

rFire  . . .     SeeInvis .       - Unarmed
rCold  . . .     Gourm    .     (no shield)
rNeg   . . .     Faith    .     (helmet restricted)
rPois  .         Spirit   .     (no amulet)
rElec  .         Dismiss  .     (no ring)
rCorr  .         Reflect  .     (no ring)
SustAt .         Harm     .     (no ring)
MR     .....                    (no ring)
Stlth  ..........               (no ring)
                                (no ring)
                                (no ring)
                                (no ring)

@: berserking, lethally poisoned (0 -> -1), appendage (expiring), very quick,
not resistant to hostile enchantments, extremely unstealthy
A: almost no armour, amphibious, 8 rings, constrict 8, tentacle spike 3,
camouflage 1, gelatinous body 1
a: End Transformation


You were on level 2 of the Dungeon.
You were not hungry.
One of your tentacles had a temporary spike.
You visited 1 branch of the dungeon, and saw 2 of its levels.

You collected 96 gold pieces.

Inventory:

Hand Weapons
 l - a +0 war axe
Missiles
 a - 12 arrows
Jewellery
 h - an uncursed ring of fire
 i - an uncursed ring of protection from fire {unknown}
Scrolls
 d - a scroll of random uselessness {unknown}
 e - 2 scrolls of recharging {unknown}
 g - a scroll of noise {unknown}
Potions
 f - 3 potions of cure mutation
Books
 b - a book of Changes

   Spells                             Type                      Level
   a - Beastly Appendage              Transmutation                1
   b - Sticks to Snakes               Transmutation                2
   c - Spider Form                    Transmutation/Poison         3
   d - Ice Form                       Ice/Transmutation            4
   e - Blade Hands                    Transmutation                5
Comestibles
 c - 2 bread rations


   Skills:
 - Level 1.0 Fighting
 - Level 2.0 Dodging
 + Level 4.6 Unarmed Combat
 + Level 2.7 Spellcasting
 + Level 3.3 Transmutations


You had 8 spell levels left.
You knew the following spells:

 Your Spells              Type           Power        Failure   Level  Hunger
a - Beastly Appendage     Trmt           ##....       6%          1    #......


Dungeon Overview and Level Annotations

Branches:
Dungeon (2/15)

Altars:
Ru
The Shining One


Innate Abilities, Weirdness & Mutations

You cannot wear most types of armour.
You are amphibious.
You can wear up to eight rings at the same time.
You can use your tentacles to constrict eight enemies at once.
Your skin changes colour to match your surroundings (Stealth).
Your rubbery body absorbs attacks (AC +1).
One of your tentacles bears a large vicious spike.


Message History

You are too injured to fight recklessly!
You tentacle-slap the dart slug. You grab the dart slug.
You squeeze the dart slug, but do no damage.
The dart slug is moderately wounded.
You constrict the dart slug. The goblin misses you. The dart slug bites you.
* * * LOW HITPOINT WARNING * * *
You tentacle-slap the dart slug.
The dart slug is severely wounded.
Your transformation is almost over.
You constrict the dart slug.
You feel sick. The goblin hits you.
* * * LOW HITPOINT WARNING * * *
The dart slug bites you.
* * * LOW HITPOINT WARNING * * *
Drink which item? (? for menu, Esc to quit)
It was a potion of berserk rage.
A red film seems to cover your vision as you go berserk!
You feel yourself moving faster!
You feel mighty!
You constrict the dart slug.
You kill the dart slug!
The goblin hits you.
You die...

#.##.##.########
#.##.##.# #.......#
#.##<#.## #.##.#.#
####### #.##.#.#
#.....# #.##.#.#
#.....#
#.##.#.#####†g...#
#..........#@....#
####..####.#.....##
#.........#..(...#
#.#..#..†.....##.#
#.#..#..†.....# # #
##.#...†.(#.#
#......#.#.#
....<#.##....
##.....####...


You could see a goblin.

Vanquished Creatures
  An orc wizard (D:2)
  9 adders (D:2)
  A dart slug (D:2)
  5 giant geckos
  2 giant cockroaches
  3 goblins
  3 hobgoblins
  3 jackals (D:1)
  5 kobolds
  8 bats
  3 giant newts (D:1)
  5 rats
48 creatures vanquished.

Notes
Turn   | Place    | Note
--------------------------------------------------------------
     0 | D:1      | Kirkhe the Octopode Transmuter began the quest for the Orb.
     0 | D:1      | Reached XP level 1. HP: 13/13 MP: 3/3
   233 | D:1      | Reached XP level 2. HP: 18/18 MP: 5/5
   571 | D:1      | Reached XP level 3. HP: 23/23 MP: 6/6
   883 | D:2      | Reached skill level 4 in Unarmed Combat
  1055 | D:2      | Reached XP level 4. HP: 11/28 MP: 5/7
  1364 | D:2      | Found a sacrificial altar of Ru.
  1782 | D:2      | Reached XP level 5. HP: 23/33 MP: 6/8
  1914 | D:2      | Found a glowing golden altar of the Shining One.
  1992 | D:2      | HP: 1/33 [dart slug (2)]
  1993 | D:2      | Slain by a goblin

Skill      XL: |  1  2  3  4 |
---------------+-------------+-----
Unarmed Combat | 4 |  4.6
Transmutations | 3 |  3.3
Fighting       | |  1.0
Dodging        | |  2.0
Spellcasting   | |  2.7

Action                   |  1- 3 |  4- 6 || total
-------------------------+-------+-------++-------
Melee: Unarmed           |    61 |    62 ||   123
       Constrict         |    16 |    14 ||    30
       Tentacles         |     8 |    10 ||    18
       Kick              |     5 |     8 ||    13
 Cast: Beastly Appendage |     7 |     9 ||    16
  Use: Potion            |       |     4 ||     4
 Stab: Sleeping          |     9 |     4 ||    13
       Paralysed         |       |     1 ||     1
  Eat: Bread ration      |       |     1 ||     1
       Chunk             |       |     1 ||     1
Armor: Skin              |     2 |     3 ||     5
Dodge: Dodged            |    33 |    35 ||    68
